 Dungeon Crawl Stone Soup version 0.28-a0-563-gf77a47075d (webtiles) character file.

Game seed: 1956857454599229369

130 pokedragonboy the Skirmisher (level 5, -12/33 HPs)
             Began as a Gargoyle Fighter on Oct 1, 2021.
             Mangled by an ogre (17 damage)
             ... on level 3 of the Dungeon.
             The game lasted 00:03:18 (2997 turns).

pokedragonboy the Skirmisher (Gargoyle Fighter)     Turns: 2997, Time: 00:03:19

Health: -12/33     AC: 12    Str: 20    XL:     5   Next: 14%
Magic:  5/5        EV:  9    Int:  9    God:
Gold:   51         SH:  4    Dex:  9    Spells: 4/4 levels left

rFire   . . .      SeeInvis .   a - +0 war axe
rCold   . . .      Faith    .   c - +0 buckler
rNeg    + . .      Spirit   .   m - +0 scale mail
rPois   ∞          Reflect  .   (no helmet)
rElec   +          Harm     .   (no cloak)
rCorr   .          Rampage  .   (no gloves)
Will    .....                   h - +0 pair of boots
Stlth   ..........              (no amulet)
HPRegen 0.11/turn               (no ring)
MPRegen 0.09/turn               (no ring)

@: no status effects
A: sickness immunity, AC +4, negative energy resistance 1, electricity
resistance, torment resistance 1, petrification resistance
a: no special abilities


You were on level 3 of the Dungeon.
You visited 1 branch of the dungeon, and saw 3 of its levels.

You collected 51 gold pieces.

Inventory:

Hand Weapons
 a - a +0 war axe (weapon)
 b - a +2 vorpal morningstar
Missiles
 j - 5 datura-tipped darts (quivered)
Armour
 c - a +0 buckler (worn)
 h - a +0 pair of boots (worn)
 m - a +0 scale mail (worn)
Scrolls
 e - 3 scrolls of identify {unknown}
 g - a scroll of enchant weapon {unknown}
 k - a scroll of fear {unknown}
Potions
 d - a potion of might
 f - a potion of ambrosia {unknown}
 i - 2 potions of heal wounds {unknown}
 l - a potion of curing {unknown}


   Skills:
 + Level 4.1 Fighting
 * Level 3.2 Axes
 + Level 4.0 Armour
 - Level 4.0 Shields


You had 4 spell levels left.
You didn't know any spells.
Your spell library contained the following spells:

 Spells                   Type           Power      Damage    Failure   Level
 Animate Skeleton         Necr           0%         N/A       75%         1
 Pain                     Necr           0%         1d4       75%         1
 Scorch                   Fire           0%         2d5       86%         2
 Vampiric Draining        Necr           0%         2d6       98%         3
 Flame Wave               Conj/Fire      0%         3d3       100%        4
 Summon Cactus Giant      Summ           0%         N/A       100%        6


Dungeon Overview and Level Annotations

Branches:
Dungeon (3/15)

Altars:
Gozag


Innate Abilities, Weirdness & Mutations

You are immune to sickness and miasma.
Your stone body is resilient. (AC +4)
You are immune to poison.
You resist negative energy. (rN+)
You are resistant to electric shocks. (rElec)
You are resistant to unholy torment.
You are immune to petrification.


Message History

You kill the hobgoblin!
No target in view!
Found 17 stones.
You see here a hobgoblin corpse.
Found an escape hatch in the floor.
An orc comes into view. It is wielding a +0 whip.
You see here a green potion.
An orc is nearby!
i - 2 green potions (gained 1)
The orc shouts!
An orc comes into view. It is wielding a +0 club.
The orc shouts!
You hear a shout! 2 orcs and an orc wizard come into view.
The orc wizard shouts!
The orc shouts!
The orc hits you with a +0 whip.
An ogre comes into view. It is wielding a +0 giant spiked club.
The orc wizard casts a spell.
The orc wizard flickers and vanishes!
Deactivating autopickup; reactivate with Ctrl-A.
You hit the orc.
You kill the orc!
Unknown command.
a - a +0 war axe (weapon)
The orc hits you but does no damage.
Unknown command.
You see here a hobgoblin corpse.
The orc hits you but does no damage. x2
You see here a hobgoblin corpse.
You block the orc's attack.
You closely miss the orc. The orc hits you with a +0 club.
You slash the orc!
You kill the orc!
You hit the ogre.
The ogre is lightly wounded.
The ogre hits you with a +0 giant spiked club!!
Ouch! That really hurt!
* * * LOW HITPOINT WARNING * * *
The ogre hits you with a +0 giant spiked club!
Ouch! That really hurt!
You die...

.....# #.##.# #.##.#
#.##.# #.##.# .##.##.#
#### .......# #...
.##.####
################### #...
#.######......@O...oo....#
#...
#......#.###############.#
#... ######.#.#
#####.###... .#######.#.#
#...†...#... .........#.#
#.......#... #######..#.#
#.......#... #..#.#
#......o#(.. #..#.#
#.......#### #..#.#
#.......#


You could see an ogre and 2 orcs.

Vanquished Creatures
  4 adders
  3 gnolls (D:2)
  4 dart slugs (D:2)
  2 orcs (D:3)
  7 bats (D:2)
  An endoplasm (D:1)
  4 giant cockroaches
  4 hobgoblins
  4 kobolds
  4 quokkas
  5 ball pythons
  6 frilled lizards
  8 goblins
  2 rats
58 creatures vanquished.

Notes
Turn   | Place    | Note
-------+----------+-------------------------------------------
     0 | D:1      | pokedragonboy the Gargoyle Fighter began the quest for the
                  | Orb.
     0 | D:1      | Reached XP level 1. HP: 14/14 MP: 1/1
   312 | D:1      | Reached XP level 2. HP: 19/19 MP: 2/2
   323 | D:1      | Found a faded altar of an unknown god.
   780 | D:1      | Reached XP level 3. HP: 23/23 MP: 3/3
  1325 | D:2      | Reached XP level 4. HP: 29/29 MP: 4/4
  1656 | D:2      | Found an opulent altar of Gozag.
  2660 | D:3      | Reached XP level 5. HP: 30/33 MP: 5/5
  2956 | D:3      | Noticed an ogre
  2997 | D:3      | Mangled by an ogre

Illustrated notes

Levels and vault maps discovered:
D:1:      nzn_arrival_depleted_hourglass, layout_rooms,
          hellmonk_ecumenical_altar_leap_of_faith
D:2:      minmay_inner_zag, layout_loops_corners, basic_altar
D:3:      layout_basic, minmay_goblin_kobold_house, uniq_sigmund

Skill      XL: |  1  2  3  4 |
---------------+-------------+-----
Axes           | 2 3 |  3.2
Shields        | 4 |  4.0
Fighting       | 4 |  4.1
Armour         | 4 |  4.0

Action                   |  1- 3 |  4- 6 || total
-------------------------+-------+-------++-------
Melee: War axe           |   110 |   102 ||   212
       Morningstar       |       |     4 ||     4
Armor: Scale mail        |    63 |    76 ||   139
Dodge: Dodged            |    42 |    55 ||    97
Block: Buckler           |    32 |    31 ||    63

Table legend: (Time is in decaauts)
 A = Elapsed time spent in this place.
 B = Non-inter-level travel time spent in this place.
 C = Inter-level travel time spent in this place.
 D = Time resting spent in this place.
 E = Time spent auto-exploring this place.
 F = Levels seen in this place.
 G = Mean time per level.
                   A        B        C        D        E       F      G
               +--------+--------+--------+--------+--------+-----+--------+
         Total |   3080 |   2987 |     93 |    466 |   1963 |   3 | 1026.7 |
       Dungeon |   3080 |   2987 |     93 |    466 |   1963 |   3 | 1026.7 |
               +--------+--------+--------+--------+--------+-----+--------+

Top non-repeatable levels by time:
     D:2: 1594 daAuts
     D:1: 1102 daAuts
     D:3: 383 daAuts
